 Dungeon Crawl Stone Soup version 0.18.1-50-g88ac8fd (webtiles) character file.

82 magog001 the Covered (level 4, -2/40 HPs)
             Began as a Minotaur Fighter on Sept 20, 2018.
             Slain by an ogre
             ... wielding a cursed +0 giant club
              (6 damage)
             ... on level 4 of the Dungeon.
             The game lasted 00:12:42 (2460 turns).

magog001 the Covered (Minotaur Fighter)             Turns: 2460, Time: 00:12:43

Health: -2/40      AC: 13    Str: 27    XL:     4   Next: 21%
Magic:  3/3        EV:  5    Int:  5    God:
Gold:   214        SH: 10    Dex:  9    Spells: 0 memorised, 3 levels left

rFire  . . .     SeeInvis .     a - +0 war axe
rCold  . . .     Gourm    .     n - +0 plate armour
rNeg   . . .     Faith    .     c - +0 shield
rPois  .         Spirit   .     (helmet restricted)
rElec  .         Dismiss  .     t - +0 cloak
rCorr  .         Reflect  .     (no gloves)
SustAt .         Harm     .     (no boots)
MR     .....                    (no amulet)
Stlth  ..........               (no ring)
                                (no ring)

@: mighty, not resistant to hostile enchantments, extremely unstealthy
A: retaliatory headbutt, horns 2
a: no special abilities


You were on level 4 of the Dungeon.
You were not hungry.

You visited 1 branch of the dungeon, and saw 4 of its levels.

You collected 214 gold pieces.

Inventory:

Hand Weapons
 a - a +0 war axe (weapon)
 m - a +0 hunting sling
Missiles
 b - 16 sling bullets
Armour
 c - a +0 shield (worn)
 n - a +0 plate armour (worn)
 t - a +0 cloak (worn)
Scrolls
 e - a scroll of blinking {unknown}
 j - 2 scrolls of immolation {unknown}
 k - 2 scrolls of remove curse {unknown}
 l - 4 scrolls of fear {unknown}
 o - 4 scrolls of identify {unknown}
 q - a scroll of random uselessness {unknown}
 u - a scroll of teleportation {unknown}
Potions
 g - 2 potions of ambrosia {unknown}
 i - a potion of degeneration {unknown}
 r - a potion of flight {unknown}
Comestibles
 f - 3 bread rations
 h - a slice of pizza
 p - a beef jerky
 s - 4 chunks of flesh


   Skills:
 * Level 4.1 Fighting
 * Level 3.1 Axes
 * Level 4.8 Armour
 - Level 0.2 Dodging
 * Level 4.3 Shields


You had 3 spell levels left.
You didn't know any spells.

Dungeon Overview and Level Annotations

Branches:
Dungeon (4/15)
 Temple: D:4-7

Altars:
Fedhas
Qazlal


Innate Abilities, Weirdness & Mutations

You reflexively headbutt those who attack you in melee.
You have a pair of horns on your head.


Message History

An ogre comes into view. It is wielding a giant club.
The ogre shouts!
Found a scroll labeled RIEQURU ADIALE.
The ogre hits you with a giant club!
You hit the ogre but do no damage. The ogre barely misses you.
You hit the ogre but do no damage. The ogre hits you with a giant club.
You hit the ogre. Your headbutt misses the ogre.
The ogre is lightly wounded.
The ogre hits you with a giant club!
* * * LOW HITPOINT WARNING * * *
You hit the ogre. You headbutt the ogre!
The ogre is heavily wounded.
The ogre hits you with a giant club!
* * * LOW HITPOINT WARNING * * *
The ogre hits you but does no damage.
There is a stone staircase leading up here.
Drink which item? (? for menu, Esc to quit)
You feel very mighty all of a sudden. The ogre hits you with a giant club.
You die...

.. # ### .# #. ...
.# ..##.##.# .....>
#.##.#.#######
#............# #.#
########...#.#####.#
#@..'.......#
#O..#.####..#
##.......#..#
#...........#
#..####.....######
#................#
#...##......####.#
#.#.##.......###.#
###.#............#


You could see an ogre.

Vanquished Creatures
  2 adders
  An ooze (D:3)
  A worm (D:2)
  2 giant geckos
  2 orcs (D:3)
  A ball python (D:3)
  2 giant cockroaches
  6 hobgoblins
  4 jackals (D:1)
  2 quokkas
  4 bats
  3 giant newts
  8 goblins
  2 kobolds
  14 rats
54 creatures vanquished.

Notes
Turn   | Place    | Note
--------------------------------------------------------------
     0 | D:1      | magog001 the Minotaur Fighter began the quest for the Orb.
     0 | D:1      | Reached XP level 1. HP: 19/19 MP: 0/0
    62 | D:1      | Reached XP level 2. HP: 23/27 MP: 1/1
   618 | D:2      | Found a faded altar to an unknown god.
   718 | D:2      | Reached XP level 3. HP: 33/33 MP: 2/2
  1086 | D:2      | Found a blossoming altar of Fedhas.
  1229 | D:3      | Noticed an earth elemental
  1242 | D:3      | Noticed a fire elemental
  1244 | D:3      | Found a stormy altar of Qazlal.
  1245 | D:3      | Noticed an air elemental
  1245 | D:3      | Noticed a water elemental
  2093 | D:3      | Reached XP level 4. HP: 40/40 MP: 3/3
  2424 | D:4      | Noticed an ogre
  2433 | D:4      | HP: 1/40 [ogre/giant club (10)]
  2460 | D:4      | Slain by an ogre

Skill      XL: |  1  2  3 |
---------------+----------+-----
Armour         | 4 |  4.8
Shields        | 4 |  4.3
Fighting       | 4 |  4.1
Axes           | 3 |  3.1
Dodging        | |  0.2

Action                   |  1- 3 |  4- 6 || total
-------------------------+-------+-------++-------
Melee: War axe           |   113 |    14 ||   127
       Headbutt          |    23 |     2 ||    25
  Use: Potion            |       |     1 ||     1
  Eat: Chunk             |     2 |       ||     2
       Meat ration       |     1 |       ||     1
Armor: Scale mail        |    13 |       ||    13
       Plate armour      |    39 |     7 ||    46
Dodge: Dodged            |    23 |     3 ||    26
Block: Shield            |    57 |     2 ||    59
